 Dungeon Crawl Stone Soup version 0.31-a0-190-g4feb4907b2 (webtiles) character file.

Game seed: 12295684598626555242

50 qw the Shooter (level 3, -3/20 HPs)
             Began as a Deep Elf Hunter on June 23, 2023.
             Slain by Jessica
             ... wielding a +0 club
              (5 damage)
             ... on level 2 of the Dungeon.
             The game lasted 00:00:27 (1193 turns).

qw the Shooter (Deep Elf Hunter)                    Turns: 1193, Time: 00:00:28

Health: -3/20      AC:  6    Str: 10    XL:     3   Next: 55%
Magic:  5/5        EV: 16    Int: 13    God:
Gold:   103        SH:  0    Dex: 18    Spells: 2/2 levels left

rFire   . . .        Y - +0 shortbow
rCold   . . .        (shield currently unavailable)
rNeg    . . .        g - +1 ring mail
rPois   .            (no helmet)
rElec   .            (no cloak)
rCorr   .            (no gloves)
SInv    .            (no boots)
Will    .....        (no amulet)
Stlth   +            i - +5 ring of evasion
HPRegen 0.23/turn    (no ring)
MPRegen 0.09/turn

%: no passive effects
@: slowed, very slow
A: no striking features
a: no special abilities


You were on level 2 of the Dungeon.
You visited 1 branch of the dungeon, and saw 2 of its levels.

You collected 103 gold pieces.


   Skills:
 - Level 1.5 Fighting
 + Level 7.1 Ranged Weapons
 - Level 2.4 Dodging
 - Level 1.2 Stealth


You had 2 spell levels left.
You didn't know any spells.
Your spell library was empty.

Inventory:

Hand Weapons
 Y - a +0 shortbow (weapon)
Armour
 g - a +1 ring mail (worn)
Jewellery
 i - a +5 ring of evasion (left hand)
Scrolls
 a - a scroll of enchant weapon {unknown}
 c - a scroll of noise {unknown}
Potions
 b - 2 potions of curing {unknown}
 d - a potion of invisibility
 e - a potion of heal wounds {unknown}
 f - a potion of enlightenment {unknown}

Dungeon Overview and Level Annotations

Branches:
Dungeon (2/15)

Altars:
Makhleb

Annotations:
D:2 Jessica


Message History

You hear some strange, mumbled words.
You shoot an arrow. You shoot an arrow. You shoot an arrow. You shoot an arrow.
You shoot an arrow. You shoot an arrow. Pain shoots through your body!
You shoot an arrow.
You feel yourself speed up. Something hits you.
You shoot an arrow. Something hits you.
You shoot an arrow. Something hits you but does no damage.
Something closely misses you.
You shoot an arrow. Something hits you.
You shoot an arrow. Something hits you.
You shoot an arrow. Something hits you but does no damage.
You shoot an arrow. Something barely misses you.
You shoot an arrow. Something hits you. Something hits you but does no damage.
You shoot an arrow. Something hits you.
You shoot an arrow.
You hear some strange, mumbled words.
You feel yourself slow down.
You shoot an arrow. Something hits you. Something hits you but does no damage.
You shoot an arrow. Something hits you but does no damage.
You shoot an arrow.
Jessica appears from thin air!
Reactivating autopickup.
Jessica looks very angry.
Jessica hits you but does no damage. Jessica hits you with a +0 club.
You die...

.##.........#
#.##..##
.##.....
#.##...#
<..)....
#.####.#
.)...... #.#
#.## ........
#.# #..#####
........ #.#
##.....#
........ #.#
#.....# ...#####
####@#####.....#
##.#
#...@...####...#
... #.......#
##### ####
#.......#
#....[..#
.....<...#
###.....<.#
#.......#
#.....?.#


You could see Jessica.

Vanquished Creatures
  2 adders (D:2)
  3 endoplasms
  3 goblins
  5 hobgoblins (D:1)
  2 jackals (D:2)
  6 kobolds
  A quokka (D:2)
  2 ball pythons (D:2)
  A bat (D:2)
  3 frilled lizards
  3 rats (D:2)
31 creatures vanquished.

Notes
Turn   | Place    | Note
-------+----------+-------------------------------------------
     0 | D:1      | qw the Deep Elf Hunter began the quest for the Orb.
     0 | D:1      | Reached XP level 1. HP: 12/12 MP: 3/3
     0 | D:1      | 0 ||| qw: Version: 0.3-a-9-g12657ce
     0 | D:1      | 0 ||| qw: Game counter: 4475
     0 | D:1      | 0 ||| qw: Always use a shield: true
     0 | D:1      | 0 ||| qw: God list: Okawaru
     0 | D:1      | 0 ||| qw: Allow faded altars: false
     0 | D:1      | 0 ||| qw: Do Orc after D:15 true
     0 | D:1      | 0 ||| qw: Do second Lair branch before Depths: true
     0 | D:1      | 0 ||| qw: Lair rune preference: random
     0 | D:1      | 0 ||| qw: Plans: Normal
     0 | D:1      | 0 ||| PLANNING D:1-11
   434 | D:1      | Reached XP level 2. HP: 16/16 MP: 4/4
   595 | D:1      | Reached skill level 6 in Ranged Weapons
   820 | D:1      | 820 ||| UPGRADING to +0 ring mail.
   830 | D:1      | 830 ||| DROPPING +0 leather armour.
   831 | D:1      | 831 ||| UPGRADING to +5 ring of evasion.
   832 | D:1      | 832 ||| READING scroll labelled POIXEANNUN.
   837 | D:1      | 837 ||| READING scroll labelled YNNOANNIZY.
   838 | D:1      | 838 ||| READING scroll labelled TIFAAS RI ZOU.
   839 | D:1      | 839 ||| READING scroll labelled XUABEM UWNOTT.
   840 | D:1      | 840 ||| DROPPING scroll of butterflies.
   860 | D:2      | 860 ||| STAIRDANCE
   953 | D:2      | 953 ||| READING scroll of enchant armour.
   953 | D:2      | 953 ||| ENCHANTING +0 ring mail.
  1029 | D:2      | Reached XP level 3. HP: 15/20 MP: 5/5
  1080 | D:2      | Found a burning altar of Makhleb.
  1160 | D:2      | Reached skill level 7 in Ranged Weapons
  1164 | D:2      | Noticed Jessica
  1185 | D:2      | HP: 4/20 [something (3)]
  1191 | D:2      | HP: 1/20 [something (2)]
  1193 | D:2      | Slain by Jessica

Levels and vault maps discovered:
D:1:      minmay_arrival_four_houses, layout_loops_corners,
          hangedman_decor_clover_reticule
D:2:      layout_rooms, basic_altar, uniq_jessica, uniq_robin

Skill      XL: |  1  2  3 |
---------------+----------+-----
Ranged Weapons | 6 7 |  7.1
Fighting       | |  1.5
Dodging        | |  2.4
Stealth        | |  1.2

Action                     || total
---------------------------++-------
   Fire: Shortbow          ||   104
    Use: Scroll            ||     5
 Armour: Ring mail         ||    26
         Leather armour    ||     1
  Dodge: Dodged            ||    41

Table legend:
 A = Non-vault XP
 B = Vault XP
 C = Vault XP percentage of total XP
 D = Non-vault monster count
 E = Vault monster count
 F = Vault count percentage of total count
                 A         B        C        D         E       F
            +---------+---------+-------+---------+---------+-------
      Total |      72 |       0 |   0.0 |      31 |       0 |   0.0
            +---------+---------+-------+---------+---------+-------
        D:1 |      24 |       0 |   0.0 |      14 |       0 |   0.0
        D:2 |      48 |       0 |   0.0 |      17 |       0 |   0.0
            +---------+---------+-------+---------+---------+-------
